2298 views
Uploaded 2022-06-21 00:55:20
Game version 1.32.10
35:08 long 3on3 ladder game on (6)ThunderLake_LV
Saved by Cabeelibob
2298 views
Uploaded 2022-06-21 00:55:20
Game version 1.32.10
35:08 long 3on3 ladder game on (6)ThunderLake_LV


196 units @ 27.6k
/ 5k
124 buildings @ 15k
/ 6.6k



| Potion of Healing | 2 | 300 |
| total: | 2 | 300g |
| Peon | 31 | 2325 | / | 0 |
| Troll Headhunter | 12 | 1680 | / | 240 |
| Troll Witch Doctor | 17 | 2465 | / | 425 |
| Troll Berserker | 12 | 1680 | / | 240 |
| Kodo Beast | 6 | 1530 | / | 360 |
| Demolisher | 4 | 880 | / | 200 |
| Goblin Shredder | 1 | 375 | / | 100 |
| total: | 83 | 10935g | / | 1565w |
| Watch Tower | 16 | 1760 | / | 1280 |
| Altar of Storms | 2 | 360 | / | 100 |
| Orc Burrow | 12 | 1920 | / | 480 |
| War Mill | 3 | 615 | / | 0 |
| Barracks | 5 | 900 | / | 250 |
| Great Hall | 5 | 1925 | / | 925 |
| Voodoo Lounge | 2 | 260 | / | 60 |
| Spirit Lodge | 1 | 150 | / | 150 |
| Beastiary | 1 | 145 | / | 140 |
| Stronghold | 2 | 630 | / | 380 |
| Fortress | 1 | 325 | / | 190 |
| total: | 47 | 8035g | / | 3385w |
| 0:04 | Peon |
| 0:05 | Peon |
| 0:08 | Altar of Storms |
| 0:21 | Orc Burrow |
| 0:36 | War Mill |
| 0:39 | Peon |
| 0:50 | Peon |
| 1:11 | Barracks |
| 1:16 | Peon |
| 1:27 | Peon |
| 1:43 | Orc Burrow |
| 1:50 | Peon |
| 2:15 | Troll Headhunter |
| 2:17 | War Stomp |
| 2:31 | Watch Tower |
| 2:38 | Troll Headhunter |
| 2:49 | Watch Tower |
| 2:51 | Peon |
| 2:58 | Troll Headhunter |
| 3:19 | Troll Headhunter |
| 3:56 | Stronghold |
| 3:57 | Troll Headhunter |
| 4:37 | Troll Headhunter |
| 4:42 | Orc Burrow |
| 5:10 | Endurance Aura |
| 5:27 | Great Hall |
| 5:43 | Voodoo Lounge |
| 6:03 | Troll Headhunter |
| 6:07 | Orc Burrow |
| 6:26 | Spirit Lodge |
| 6:30 | Troll Regeneration |
| 6:31 | Peon |
| 6:31 | Peon |
| 6:56 | Endurance Aura |
| 7:00 | Goblin Shredder |
| 7:15 | Orc Burrow |
| 7:54 | Witch Doctor Adept Training |
| 8:14 | Troll Headhunter |
| 8:17 | Fortress |
| 9:01 | Troll Headhunter |
| 9:02 | Troll Witch Doctor |
| 9:03 | Troll Witch Doctor |
| 9:18 | Troll Headhunter |
| 9:20 | Steel Armor |
| 9:25 | Steel Ranged Weapons |
| 9:37 | Potion of Healing |
| 9:38 | Potion of Healing |
| 9:50 | Healing Wave |
| 9:54 | Troll Headhunter |
| 9:57 | Thorium Armor |
| 10:25 | Beastiary |
| 10:27 | Troll Witch Doctor |
| 10:52 | Berserker Upgrade |
| 10:54 | Witch Doctor Master Training |
| 11:12 | Breath of Fire |
| 11:14 | Troll Witch Doctor |
| 11:16 | Troll Headhunter |
| 11:32 | War Stomp |
| 11:55 | Troll Berserker |
| 11:59 | War Drums Damage Increase |
| 12:02 | Orc Burrow |
| 12:04 | Troll Witch Doctor |
| 12:04 | Troll Witch Doctor |
| 12:53 | Kodo Beast |
| 12:56 | Orc Burrow |
| 12:58 | Arcanite Armor |
| 13:01 | Troll Berserker |
| 13:38 | Troll Berserker |
| 13:44 | Orc Burrow |
| 13:49 | Kodo Beast |
| 13:49 | Kodo Beast |
| 13:56 | War Mill |
| 15:39 | Troll Berserker |
| 15:40 | Troll Berserker |
| 15:40 | Troll Berserker |
| 15:40 | Troll Berserker |
| 15:45 | Troll Witch Doctor |
| 15:45 | Troll Witch Doctor |
| 16:58 | Troll Witch Doctor |
| 16:58 | Troll Witch Doctor |
| 16:59 | Troll Berserker |
| 18:19 | Kodo Beast |
| 18:20 | Troll Witch Doctor |
| 18:20 | Troll Witch Doctor |
| 18:21 | Troll Berserker |
| 18:21 | Troll Berserker |
| 18:21 | Troll Berserker |
| 18:21 | Troll Berserker |
| 18:24 | Thorium Ranged Weapons |
| 18:53 | Hex |
| 19:30 | Healing Wave |
| 20:10 | Troll Witch Doctor |
| 20:10 | Troll Witch Doctor |
| 20:11 | Troll Witch Doctor |
| 20:13 | Kodo Beast |
| 20:28 | Burning Oil |
| 20:36 | Demolisher |
| 20:36 | Demolisher |
| 20:36 | Demolisher |
| 20:44 | Barracks |
| 20:49 | Peon |
| 20:50 | Peon |
| 20:50 | Peon |
| 20:50 | Peon |
| 21:01 | Great Hall |
| 21:26 | Kodo Beast |
| 21:31 | Demolisher |
| 21:36 | Troll Witch Doctor |
| 21:36 | Troll Witch Doctor |
| 22:57 | Watch Tower |
| 23:31 | Great Hall |
| 26:17 | Peon |
| 26:17 | Peon |
| 26:19 | Peon |
| 26:26 | Peon |
| 27:12 | Great Hall |
| 27:18 | Altar of Storms |
| 27:22 | Orc Burrow |
| 27:26 | War Mill |
| 27:31 | Barracks |
| 27:33 | Barracks |
| 27:38 | Orc Burrow |
| 27:41 | Peon |
| 27:41 | Peon |
| 27:41 | Peon |
| 27:41 | Peon |
| 27:47 | Great Hall |
| 28:20 | Orc Burrow |
| 28:59 | Watch Tower |
| 29:06 | Voodoo Lounge |
| 29:16 | Watch Tower |
| 29:21 | Watch Tower |
| 29:26 | Watch Tower |
| 29:35 | Watch Tower |
| 29:42 | Peon |
| 30:12 | Watch Tower |
| 30:26 | Barracks |
| 30:35 | Watch Tower |
| 30:37 | Watch Tower |
| 30:45 | Watch Tower |
| 31:00 | Watch Tower |
| 31:50 | Stronghold |
| 32:05 | Peon |
| 32:05 | Peon |
| 32:06 | Peon |
| 32:25 | Watch Tower |
| 32:29 | Spiked Barricades |
| 33:56 | Watch Tower |
| 33:58 | Watch Tower |
| 34:09 | Peon |
| 34:09 | Peon |
| 34:09 | Peon |
| 34:09 | Peon |
| 34:11 | Peon |
| 34:17 | Orc Burrow |
| Right click | 1054 |
| Select group | 410 |
| Select | 403 |
| Build/train/purchase | 142 |
| Assign group | 89 |
| Misc. action | 64 |
| Use ability | 46 |
| Resource trade | 10 |
| Remove unit | 6 |
| Minimap ping | 4 |
| Item give/drop | 2 |

| Potion of Healing | 1 | 150 |
| total: | 1 | 150g |
| Peasant | 29 | 2175 | / | 0 |
| Rifleman | 10 | 2050 | / | 300 |
| Mortar Team | 8 | 1440 | / | 560 |
| Siege Engine | 13 | 2535 | / | 780 |
| total: | 60 | 8200g | / | 1640w |
| Scout Tower | 8 | 240 | / | 160 |
| Arcane Tower | 3 | 210 | / | 150 |
| Guard Tower | 1 | 70 | / | 50 |
| Altar of Kings | 1 | 180 | / | 50 |
| Farm | 8 | 640 | / | 160 |
| Blacksmith | 1 | 140 | / | 60 |
| Lumber Mill | 1 | 120 | / | 0 |
| Barracks | 2 | 320 | / | 120 |
| Arcane Vault | 1 | 130 | / | 30 |
| Town Hall | 2 | 770 | / | 410 |
| Arcane Sanctum | 1 | 150 | / | 140 |
| Workshop | 2 | 280 | / | 280 |
| Keep | 1 | 320 | / | 210 |
| Castle | 1 | 360 | / | 210 |
| total: | 27 | 2970g | / | 1410w |
| 0:04 | Peasant |
| 0:04 | Peasant |
| 0:09 | Altar of Kings |
| 0:12 | Farm |
| 0:38 | Peasant |
| 0:38 | Peasant |
| 0:38 | Peasant |
| 0:53 | Farm |
| 1:11 | Blacksmith |
| 1:16 | Peasant |
| 1:23 | Lumber Mill |
| 1:30 | Farm |
| 1:41 | Peasant |
| 1:56 | Peasant |
| 2:08 | Farm |
| 2:12 | Summon Water Elemental |
| 2:32 | Barracks |
| 2:36 | Barracks |
| 2:42 | Improved Lumber Harvesting |
| 4:03 | Keep |
| 4:14 | Scout Tower |
| 4:24 | Rifleman |
| 4:26 | Rifleman |
| 4:32 | Black Gunpowder |
| 4:46 | Arcane Vault |
| 4:54 | Arcane Tower |
| 6:07 | Rifleman |
| 6:42 | Arcane Sanctum |
| 6:46 | Rifleman |
| 6:49 | Long Rifles |
| 6:51 | Studded Leather Armor |
| 7:06 | Scout Tower |
| 7:22 | Advanced Lumber Harvesting |
| 7:27 | Peasant |
| 7:27 | Peasant |
| 7:37 | Brilliance Aura |
| 7:49 | Scout Tower |
| 8:22 | Town Hall |
| 8:41 | Peasant |
| 8:41 | Peasant |
| 9:04 | Rifleman |
| 9:37 | Magic Sentry |
| 9:39 | Rifleman |
| 9:51 | Summon Water Elemental |
| 10:00 | Rifleman |
| 10:09 | Sorceress Adept Training |
| 11:17 | Refined Gunpowder |
| 12:18 | Workshop |
| 12:21 | Workshop |
| 12:31 | Potion of Healing |
| 12:55 | Peasant |
| 12:56 | Peasant |
| 12:56 | Peasant |
| 13:02 | Farm |
| 13:06 | Peasant |
| 13:06 | Peasant |
| 13:25 | Farm |
| 13:30 | Castle |
| 13:33 | Mortar Team |
| 13:34 | Mortar Team |
| 14:02 | Reinforced Leather Armor |
| 14:57 | Mortar Team |
| 14:58 | Mortar Team |
| 17:49 | Brilliance Aura |
| 19:30 | Barrage |
| 19:33 | Iron Plating |
| 19:44 | Siege Engine |
| 19:54 | Peasant |
| 19:55 | Peasant |
| 19:55 | Peasant |
| 19:56 | Peasant |
| 19:56 | Peasant |
| 19:59 | Peasant |
| 20:00 | Peasant |
| 20:00 | Peasant |
| 20:12 | Peasant |
| 20:13 | Peasant |
| 20:17 | Siege Engine |
| 20:43 | Siege Engine |
| 20:44 | Siege Engine |
| 20:45 | Siege Engine |
| 21:00 | Farm |
| 21:33 | Siege Engine |
| 21:38 | Farm |
| 21:55 | Arcane Tower |
| 22:54 | Siege Engine |
| 22:54 | Siege Engine |
| 23:25 | Steel Plating |
| 25:18 | Rifleman |
| 25:18 | Rifleman |
| 25:22 | Peasant |
| 25:22 | Peasant |
| 26:08 | Siege Engine |
| 26:14 | Mortar Team |
| 26:15 | Mortar Team |
| 26:25 | Mortar Team |
| 27:07 | Mortar Team |
| 28:45 | Scout Tower |
| 31:12 | Siege Engine |
| 31:13 | Siege Engine |
| 31:19 | Siege Engine |
| 31:19 | Siege Engine |
| 32:01 | Scout Tower |
| 32:20 | Scout Tower |
| 32:26 | Rifleman |
| 32:30 | Scout Tower |
| 32:33 | Scout Tower |
| 33:14 | Arcane Tower |
| 33:36 | Guard Tower |
| 34:50 | Town Hall |
| Right click | 915 |
| Select | 459 |
| Build/train/purchase | 106 |
| Minimap ping | 24 |
| Remove unit | 16 |
| Resource trade | 11 |
| Use ability | 6 |
| Item give/drop | 3 |
| Misc. action | 1 |


| Scroll of Regeneration | 1 | 100 |
| Potion of Healing | 2 | 300 |
| Orb of Fire | 1 | 325 |
| Staff of Sanctuary | 1 | 250 |
| Potion of Mana | 2 | 400 |
| Scroll of Town Portal | 2 | 700 |
| total: | 9 | 2075g |
| Peasant | 15 | 1125 | / | 0 |
| Rifleman | 12 | 2460 | / | 360 |
| Mortar Team | 4 | 720 | / | 280 |
| Siege Engine | 8 | 1560 | / | 480 |
| Flying Machine | 6 | 600 | / | 180 |
| Knight | 8 | 1960 | / | 480 |
| total: | 53 | 8425g | / | 1780w |
| Scout Tower | 27 | 810 | / | 540 |
| Arcane Tower | 4 | 280 | / | 200 |
| Guard Tower | 19 | 1330 | / | 950 |
| Altar of Kings | 2 | 360 | / | 100 |
| Barracks | 2 | 320 | / | 120 |
| Farm | 11 | 880 | / | 220 |
| Blacksmith | 2 | 280 | / | 120 |
| Lumber Mill | 1 | 120 | / | 0 |
| Town Hall | 2 | 770 | / | 410 |
| Arcane Vault | 1 | 130 | / | 30 |
| Workshop | 2 | 280 | / | 280 |
| Keep | 2 | 640 | / | 420 |
| Castle | 1 | 360 | / | 210 |
| total: | 50 | 3950g | / | 1820w |
| 0:05 | Peasant |
| 0:05 | Peasant |
| 0:06 | Peasant |
| 0:40 | Peasant |
| 0:40 | Peasant |
| 0:52 | Altar of Kings |
| 0:55 | Barracks |
| 1:00 | Peasant |
| 1:07 | Altar of Kings |
| 1:13 | Farm |
| 1:23 | Farm |
| 1:32 | Peasant |
| 1:37 | Farm |
| 1:43 | Peasant |
| 1:43 | Peasant |
| 2:06 | Blacksmith |
| 2:14 | Peasant |
| 2:14 | Peasant |
| 2:20 | Scout Tower |
| 2:42 | Arcane Tower |
| 2:54 | Rifleman |
| 2:54 | Rifleman |
| 2:55 | Rifleman |
| 3:43 | Rifleman |
| 3:57 | Farm |
| 4:04 | Lumber Mill |
| 4:05 | Peasant |
| 4:05 | Peasant |
| 4:05 | Peasant |
| 4:09 | Storm Bolt |
| 4:43 | Thunder Clap |
| 4:46 | Scout Tower |
| 4:47 | Scout Tower |
| 4:57 | Scout Tower |
| 5:10 | Rifleman |
| 5:16 | Arcane Tower |
| 5:18 | Guard Tower |
| 5:24 | Rifleman |
| 5:30 | Guard Tower |
| 5:43 | Town Hall |
| 6:00 | Farm |
| 6:37 | Arcane Vault |
| 6:42 | Storm Bolt |
| 6:49 | Keep |
| 7:03 | Rifleman |
| 7:09 | Peasant |
| 7:32 | Rifleman |
| 7:32 | Rifleman |
| 7:35 | Farm |
| 8:06 | Rifleman |
| 9:02 | Rifleman |
| 9:02 | Rifleman |
| 9:06 | Farm |
| 9:07 | Farm |
| 9:35 | Castle |
| 9:46 | Workshop |
| 10:57 | Mortar Team |
| 10:58 | Mortar Team |
| 11:11 | Scout Tower |
| 11:16 | Scout Tower |
| 11:16 | Scout Tower |
| 11:17 | Scout Tower |
| 11:29 | Holy Light |
| 11:44 | Guard Tower |
| 12:05 | Thunder Clap |
| 12:39 | Guard Tower |
| 12:42 | Scout Tower |
| 12:47 | Scout Tower |
| 12:48 | Scout Tower |
| 12:50 | Siege Engine |
| 12:50 | Siege Engine |
| 12:51 | Siege Engine |
| 12:57 | Farm |
| 12:57 | Farm |
| 13:00 | Workshop |
| 13:20 | Guard Tower |
| 13:46 | Improved Lumber Harvesting |
| 15:55 | Siege Engine |
| 15:55 | Siege Engine |
| 16:39 | Barrage |
| 17:37 | Black Gunpowder |
| 17:37 | Iron Forged Swords |
| 17:40 | Blacksmith |
| 17:44 | Advanced Lumber Harvesting |
| 17:44 | Improved Masonry |
| 18:23 | Studded Leather Armor |
| 18:23 | Iron Plating |
| 19:41 | Scroll of Regeneration |
| 19:43 | Potion of Healing |
| 19:55 | Scroll of Town Portal |
| 19:56 | Orb of Fire |
| 20:00 | Staff of Sanctuary |
| 20:07 | Flying Machine |
| 20:17 | Flying Machine |
| 20:17 | Flying Machine |
| 21:21 | Storm Bolt |
| 21:35 | Knight |
| 21:36 | Knight |
| 21:49 | Town Hall |
| 21:51 | Scout Tower |
| 21:53 | Scout Tower |
| 21:54 | Scout Tower |
| 21:55 | Scout Tower |
| 21:57 | Scout Tower |
| 22:22 | Guard Tower |
| 22:24 | Guard Tower |
| 22:27 | Scout Tower |
| 22:28 | Scout Tower |
| 22:29 | Scout Tower |
| 22:30 | Scout Tower |
| 22:31 | Scout Tower |
| 22:32 | Guard Tower |
| 22:56 | Arcane Tower |
| 23:01 | Guard Tower |
| 23:03 | Guard Tower |
| 23:12 | Guard Tower |
| 24:05 | Scout Tower |
| 24:06 | Scout Tower |
| 24:07 | Scout Tower |
| 24:26 | Scout Tower |
| 24:26 | Scout Tower |
| 24:28 | Scout Tower |
| 25:43 | Guard Tower |
| 25:51 | Avatar |
| 26:29 | Knight |
| 26:29 | Knight |
| 26:29 | Knight |
| 26:32 | Mortar Team |
| 26:32 | Mortar Team |
| 27:12 | Steel Forged Swords |
| 27:12 | Refined Gunpowder |
| 27:13 | Steel Plating |
| 27:13 | Reinforced Leather Armor |
| 27:46 | Siege Engine |
| 28:46 | Siege Engine |
| 28:46 | Siege Engine |
| 28:50 | Farm |
| 30:33 | Divine Shield |
| 31:28 | Knight |
| 31:28 | Knight |
| 31:28 | Knight |
| 32:32 | Flying Machine |
| 32:32 | Flying Machine |
| 32:32 | Flying Machine |
| 32:48 | Barracks |
| 33:29 | Scroll of Town Portal |
| 33:29 | Potion of Mana |
| 33:32 | Potion of Healing |
| 33:35 | Potion of Mana |
| Right click | 1006 |
| Select | 459 |
| Assign group | 252 |
| Build/train/purchase | 139 |
| Select group | 125 |
| Resource trade | 45 |
| Use ability | 34 |
| Minimap ping | 8 |
| Remove unit | 6 |
| Chat | 5 |
| Item give/drop | 3 |
70 units @ 8k
/ 1.1k
116 buildings @ 16.1k
/ 8.2k


| Healing Salve | 3 | 300 |
| Lesser Clarity Potion | 3 | 210 |
| Orb of Lightning | 1 | 375 |
| Tiny Great Hall | 3 | 1800 |
| Scroll of Town Portal | 1 | 350 |
| Boots of Speed | 1 | 250 |
| Staff of Teleportation | 1 | 150 |
| Amulet of Spell Shield | 1 | 600 |
| total: | 14 | 4035g |
| Peon | 17 | 1275 | / | 0 |
| Kodo Beast | 1 | 255 | / | 60 |
| total: | 18 | 1530g | / | 60w |
| Watch Tower | 20 | 2200 | / | 1600 |
| Altar of Storms | 2 | 360 | / | 100 |
| Orc Burrow | 5 | 800 | / | 200 |
| Voodoo Lounge | 2 | 260 | / | 60 |
| War Mill | 2 | 410 | / | 0 |
| Great Hall | 1 | 385 | / | 185 |
| Beastiary | 1 | 145 | / | 140 |
| Stronghold | 1 | 315 | / | 190 |
| Fortress | 1 | 325 | / | 190 |
| total: | 33 | 4560g | / | 2285w |
| 0:03 | Peon |
| 0:03 | Peon |
| 0:08 | Altar of Storms |
| 0:14 | Orc Burrow |
| 0:20 | Peon |
| 0:43 | Voodoo Lounge |
| 0:45 | Peon |
| 0:58 | Peon |
| 1:10 | Peon |
| 1:20 | Orc Burrow |
| 1:27 | Peon |
| 1:38 | Peon |
| 1:45 | Peon |
| 2:01 | Peon |
| 2:12 | Healing Salve |
| 2:12 | Lesser Clarity Potion |
| 2:21 | War Mill |
| 2:29 | Wind Walk |
| 3:57 | Stronghold |
| 3:58 | Spiked Barricades |
| 4:07 | Watch Tower |
| 4:49 | Watch Tower |
| 4:49 | Watch Tower |
| 4:50 | Watch Tower |
| 4:51 | Watch Tower |
| 4:52 | Watch Tower |
| 4:53 | Watch Tower |
| 4:53 | Watch Tower |
| 5:37 | Critical Strike |
| 6:34 | Watch Tower |
| 6:56 | Fortress |
| 7:09 | Healing Salve |
| 7:10 | Lesser Clarity Potion |
| 7:28 | War Mill |
| 7:35 | Beastiary |
| 7:41 | Boots of Speed |
| 7:44 | Staff of Teleportation |
| 8:25 | Watch Tower |
| 8:26 | Watch Tower |
| 8:55 | Reinforced Defenses |
| 8:55 | Improved Spiked Barricades |
| 9:09 | Voodoo Lounge |
| 9:28 | Orb of Lightning |
| 9:28 | Tiny Great Hall |
| 9:51 | Wind Walk |
| 10:05 | War Drums Damage Increase |
| 10:06 | Kodo Beast |
| 10:54 | Healing Salve |
| 10:58 | Lesser Clarity Potion |
| 12:03 | Scroll of Town Portal |
| 12:10 | Hex |
| 12:39 | Liquid Fire |
| 12:41 | Ensnare |
| 12:42 | Envenomed Spears |
| 14:53 | Critical Strike |
| 16:54 | Amulet of Spell Shield |
| 17:08 | Orc Burrow |
| 17:11 | Orc Burrow |
| 17:14 | Orc Burrow |
| 19:22 | Critical Strike |
| 20:02 | Altar of Storms |
| 20:33 | Watch Tower |
| 20:34 | Watch Tower |
| 20:35 | Watch Tower |
| 20:36 | Watch Tower |
| 20:37 | Watch Tower |
| 20:38 | Watch Tower |
| 20:49 | Watch Tower |
| 20:50 | Watch Tower |
| 20:54 | Watch Tower |
| 25:50 | Healing Wave |
| 27:05 | Tiny Great Hall |
| 29:44 | Bladestorm |
| 30:08 | Peon |
| 30:08 | Peon |
| 30:08 | Peon |
| 31:02 | Peon |
| 32:07 | Peon |
| 32:08 | Peon |
| 32:08 | Peon |
| 32:47 | Tiny Great Hall |
| 34:13 | Great Hall |
| Right click | 2023 |
| Select | 386 |
| Select group | 249 |
| Build/train/purchase | 88 |
| Use ability | 37 |
| Minimap ping | 20 |
| Resource trade | 17 |
| Assign group | 15 |
| Item give/drop | 6 |
| Misc. action | 3 |
| Esc | 1 |
Cabeelibob
(194)
(35:07) : 

| Healing Salve | 1 | 100 |
| Lesser Clarity Potion | 2 | 140 |
| Orb of Lightning | 1 | 375 |
| Boots of Speed | 1 | 250 |
| Gloves of Haste | 1 | 125 |
| Pendant of Mana | 1 | 600 |
| Amulet of Spell Shield | 1 | 600 |
| Khadgar's Gem of Health | 1 | 600 |
| Potion of Greater Mana | 1 | 400 |
| total: | 10 | 3190g |
| Peon | 10 | 750 | / | 0 |
| Troll Witch Doctor | 5 | 725 | / | 125 |
| total: | 15 | 1475g | / | 125w |
| Watch Tower | 23 | 2530 | / | 1840 |
| Altar of Storms | 1 | 180 | / | 50 |
| Orc Burrow | 3 | 480 | / | 120 |
| Voodoo Lounge | 1 | 130 | / | 30 |
| War Mill | 1 | 205 | / | 0 |
| Great Hall | 1 | 385 | / | 185 |
| Spirit Lodge | 1 | 150 | / | 150 |
| Stronghold | 1 | 315 | / | 190 |
| Fortress | 1 | 325 | / | 190 |
| total: | 31 | 4060g | / | 2375w |
| 0:05 | Altar of Storms |
| 0:08 | Orc Burrow |
| 0:09 | Peon |
| 0:25 | Peon |
| 0:34 | Peon |
| 0:43 | Peon |
| 0:57 | Peon |
| 1:04 | Voodoo Lounge |
| 1:06 | Peon |
| 1:13 | Peon |
| 1:27 | War Mill |
| 1:45 | Orc Burrow |
| 1:53 | Peon |
| 2:07 | Wind Walk |
| 2:16 | Peon |
| 2:17 | Peon |
| 2:56 | Watch Tower |
| 2:58 | Watch Tower |
| 3:18 | Stronghold |
| 4:04 | Watch Tower |
| 4:07 | Watch Tower |
| 4:55 | Critical Strike |
| 5:09 | Watch Tower |
| 5:12 | Watch Tower |
| 5:21 | Spiked Barricades |
| 5:41 | Fortress |
| 5:43 | Reinforced Defenses |
| 6:09 | Spirit Lodge |
| 6:51 | Watch Tower |
| 6:52 | Watch Tower |
| 7:11 | Improved Spiked Barricades |
| 7:33 | Gloves of Haste |
| 8:16 | Watch Tower |
| 8:17 | Watch Tower |
| 8:53 | Healing Salve |
| 8:56 | Lesser Clarity Potion |
| 9:05 | Witch Doctor Adept Training |
| 9:23 | Boots of Speed |
| 9:33 | Watch Tower |
| 9:34 | Watch Tower |
| 10:19 | Witch Doctor Master Training |
| 10:43 | Watch Tower |
| 10:46 | Watch Tower |
| 11:00 | Troll Witch Doctor |
| 11:00 | Troll Witch Doctor |
| 11:00 | Troll Witch Doctor |
| 11:02 | Troll Witch Doctor |
| 11:59 | Watch Tower |
| 12:05 | Lesser Clarity Potion |
| 12:11 | Orb of Lightning |
| 12:20 | Watch Tower |
| 12:52 | Pendant of Mana |
| 13:14 | Hex |
| 13:31 | Orc Burrow |
| 13:37 | Amulet of Spell Shield |
| 13:53 | Watch Tower |
| 13:55 | Watch Tower |
| 15:06 | Critical Strike |
| 15:22 | Watch Tower |
| 15:23 | Watch Tower |
| 15:32 | Watch Tower |
| 16:07 | Great Hall |
| 16:29 | Watch Tower |
| 16:37 | Watch Tower |
| 19:05 | Wind Walk |
| 20:18 | Troll Witch Doctor |
| 24:08 | Critical Strike |
| 27:00 | Khadgar's Gem of Health |
| 29:57 | Bladestorm |
| 34:00 | Potion of Greater Mana |
| Right click | 1012 |
| Select | 245 |
| Select group | 119 |
| Misc. action | 107 |
| Build/train/purchase | 98 |
| Chat | 28 |
| Resource trade | 21 |
| Use ability | 17 |
| Item give/drop | 10 |
| Minimap ping | 3 |
| Assign group | 2 |
| Remove unit | 1 |
DudeWhy
(236)
(35:06) : 

| Healing Salve | 2 | 200 |
| Lesser Clarity Potion | 3 | 210 |
| Orb of Lightning | 1 | 375 |
| Boots of Speed | 1 | 250 |
| Staff of Teleportation | 1 | 150 |
| Pendant of Mana | 1 | 600 |
| total: | 9 | 1785g |
| Peon | 17 | 1275 | / | 0 |
| Troll Batrider | 14 | 2240 | / | 560 |
| Demolisher | 5 | 1100 | / | 250 |
| Goblin Shredder | 1 | 375 | / | 100 |
| total: | 37 | 4990g | / | 910w |
| Watch Tower | 28 | 3080 | / | 2240 |
| Altar of Storms | 2 | 360 | / | 100 |
| Orc Burrow | 11 | 1760 | / | 440 |
| War Mill | 3 | 615 | / | 0 |
| Voodoo Lounge | 3 | 390 | / | 90 |
| Great Hall | 2 | 770 | / | 370 |
| Barracks | 1 | 180 | / | 50 |
| Beastiary | 2 | 290 | / | 280 |
| Stronghold | 1 | 315 | / | 190 |
| Fortress | 1 | 325 | / | 190 |
| total: | 52 | 7445g | / | 3570w |
| 0:02 | Peon |
| 0:06 | Peon |
| 0:17 | Altar of Storms |
| 0:19 | Peon |
| 0:34 | Orc Burrow |
| 0:35 | Peon |
| 0:48 | Peon |
| 1:06 | Peon |
| 1:28 | Peon |
| 1:55 | War Mill |
| 1:58 | Peon |
| 2:06 | Voodoo Lounge |
| 2:13 | Voodoo Lounge |
| 2:16 | Peon |
| 2:16 | Peon |
| 2:21 | Wind Walk |
| 2:30 | Peon |
| 2:45 | Peon |
| 3:01 | Great Hall |
| 3:03 | Great Hall |
| 3:09 | Watch Tower |
| 3:10 | Watch Tower |
| 3:11 | Watch Tower |
| 3:31 | Orc Burrow |
| 4:09 | Healing Salve |
| 4:31 | Watch Tower |
| 4:32 | Watch Tower |
| 4:32 | Watch Tower |
| 4:35 | Watch Tower |
| 4:45 | Voodoo Lounge |
| 5:03 | Peon |
| 5:03 | Peon |
| 5:04 | Spiked Barricades |
| 5:19 | Critical Strike |
| 5:26 | Watch Tower |
| 5:27 | Watch Tower |
| 5:33 | Boots of Speed |
| 5:43 | Staff of Teleportation |
| 5:51 | Peon |
| 5:55 | Peon |
| 6:22 | Peon |
| 6:39 | Stronghold |
| 7:13 | Watch Tower |
| 8:50 | Barracks |
| 8:58 | Watch Tower |
| 8:59 | Watch Tower |
| 9:01 | Fortress |
| 9:12 | Beastiary |
| 10:43 | Troll Batrider |
| 10:47 | Demolisher |
| 10:52 | Watch Tower |
| 10:55 | Watch Tower |
| 11:03 | Beastiary |
| 11:11 | Lesser Clarity Potion |
| 11:15 | Troll Batrider |
| 11:22 | Orb of Lightning |
| 11:27 | Steel Ranged Weapons |
| 11:31 | Demolisher |
| 11:32 | Burning Oil |
| 11:44 | Reinforced Defenses |
| 12:23 | Lesser Clarity Potion |
| 12:30 | Liquid Fire |
| 12:31 | Troll Batrider |
| 12:35 | Watch Tower |
| 12:36 | Watch Tower |
| 12:55 | Troll Batrider |
| 13:18 | Critical Strike |
| 13:49 | Lesser Clarity Potion |
| 13:56 | Healing Salve |
| 14:08 | Orc Burrow |
| 14:09 | Orc Burrow |
| 14:10 | Orc Burrow |
| 14:14 | Watch Tower |
| 14:14 | Watch Tower |
| 14:15 | Watch Tower |
| 14:15 | Watch Tower |
| 16:01 | Troll Batrider |
| 16:07 | Orc Burrow |
| 16:32 | Altar of Storms |
| 16:53 | Troll Batrider |
| 16:53 | Troll Batrider |
| 16:54 | Troll Batrider |
| 17:13 | War Mill |
| 17:28 | Orc Burrow |
| 17:29 | Orc Burrow |
| 18:44 | Demolisher |
| 18:44 | Demolisher |
| 19:48 | Watch Tower |
| 19:49 | Watch Tower |
| 19:49 | Watch Tower |
| 19:50 | Watch Tower |
| 19:50 | Watch Tower |
| 19:58 | Troll Batrider |
| 20:24 | Troll Batrider |
| 20:24 | Troll Batrider |
| 20:40 | Thorium Ranged Weapons |
| 20:48 | Wind Walk |
| 20:56 | Troll Batrider |
| 20:58 | Demolisher |
| 21:30 | Orc Burrow |
| 21:31 | Orc Burrow |
| 21:33 | Orc Burrow |
| 22:31 | Goblin Shredder |
| 23:15 | Steel Armor |
| 23:49 | War Mill |
| 24:12 | Critical Strike |
| 25:31 | Hex |
| 26:13 | Troll Batrider |
| 26:14 | Troll Batrider |
| 26:21 | Arcanite Ranged Weapons |
| 26:22 | Thorium Armor |
| 26:38 | Healing Wave |
| 26:54 | Watch Tower |
| 26:54 | Watch Tower |
| 26:55 | Watch Tower |
| 30:32 | Healing Wave |
| 33:08 | Bladestorm |
| 34:24 | Pendant of Mana |
| Right click | 1301 |
| Select | 426 |
| Select group | 201 |
| Build/train/purchase | 111 |
| Misc. action | 46 |
| Resource trade | 35 |
| Use ability | 31 |
| Assign group | 14 |
| Item give/drop | 8 |
| Minimap ping | 2 |
| Esc | 1 |